 Dungeon Crawl Stone Soup version 0.28.0-49-g6dfe1f597d (webtiles) character file.

Game seed: 7513986564424139226

125 issech the Changer (level 5, 0/40 HPs)
             Began as a Gnoll Wanderer on May 19, 2022.
             Slain by a black bear (2 damage)
             ... on level 4 of the Dungeon.
             The game lasted 00:13:09 (4754 turns).

issech the Changer (Gnoll Wanderer)                 Turns: 4754, Time: 00:13:10

Health: 0/40       AC:  9    Str: 12    XL:     5   Next: 9%
Magic:  12/12      EV:  5    Int: 11    God:
Gold:   67         SH:  0    Dex: 13    Spells: 14/14 levels left

rFire   . . .      SeeInvis .   b - +0 war axe
rCold   . . .      Faith    .   (no shield)
rNeg    . . .      Spirit   .   h - +0 chain mail
rPois   .          Reflect  .   (no helmet)
rElec   .          Harm     .   (no cloak)
rCorr   .          Rampage  .   (no gloves)
Will    .....                   (no boots)
Stlth   ..........              (no amulet)
HPRegen 0.13/turn               (no ring)
MPRegen 0.13/turn               (no ring)

@: no status effects
A: fangs 1, strong nose, distributed training
a: no special abilities


You were on level 4 of the Dungeon.
You visited 1 branch of the dungeon, and saw 4 of its levels.

You collected 67 gold pieces.

Inventory:

Hand Weapons
 a - a +0 club
 b - a +0 war axe (weapon)
 c - a +0 dagger
 f - a +0 short sword
 t - a +0 spear
 u - a +0 mace
 z - a +0 hunting sling
 D - a +0 flail
Missiles
 d - 17 sling bullets
 i - 4 large rocks
 k - 23 arrows
 l - 68 stones (quivered)
 r - 9 poisoned darts
 A - a boomerang
Armour
 h - a +0 chain mail (worn)
 o - a +0 ring mail
 s - a +0 scale mail
Magical Staves
 v - a staff of air
Jewellery
 g - a ring of magical power
 y - a ring of fire
Scrolls
 e - 2 scrolls of blinking
 j - a scroll of vulnerability {unknown}
 n - a scroll of noise {unknown}
 p - a scroll of summoning {unknown}
 q - a scroll of identify {unknown}
 w - a scroll of holy word {unknown}
 x - a scroll of acquirement {unknown}
 B - a scroll of enchant armour {unknown}
 C - a scroll of magic mapping {unknown}
Potions
 m - a potion of lignification {unknown}
 E - a potion of curing {unknown}


   Skills:
 + Level 2.9 Fighting
 + Level 1.3 Short Blades
 + Level 1.3 Long Blades
 + Level 1.3 Axes
 + Level 1.3 Maces & Flails
 + Level 1.3 Polearms
 + Level 1.3 Staves
 + Level 1.3 Slings
 + Level 1.3 Bows
 + Level 1.3 Crossbows
 + Level 1.3 Throwing
 + Level 2.9 Armour
 + Level 1.3 Dodging
 + Level 1.3 Stealth
 + Level 1.3 Shields
 + Level 1.3 Unarmed Combat
 + Level 5.1 Spellcasting
 + Level 1.1 Conjurations
 + Level 1.1 Hexes
 + Level 1.1 Summonings
 + Level 1.1 Necromancy
 + Level 3.9 Translocations
 + Level 5.5 Transmutations
 + Level 1.1 Fire Magic
 + Level 1.1 Ice Magic
 + Level 1.1 Air Magic
 + Level 1.1 Earth Magic
 + Level 1.1 Poison Magic
 + Level 3.0 Invocations
 + Level 1.3 Evocations


You had 14 spell levels left.
You didn't know any spells.
Your spell library contained the following spells:

 Spells                   Type           Power      Damage    Failure   Level
 Wereblood                Tmut           15%        N/A       77%         2
 Apportation              Tloc           22%        N/A       85%         1
 Sting                    Tmut/Pois      40%        1d5       90%         1
 Spider Form              Tmut/Pois      10%        N/A       99%         3
 Teleport Other           Tloc           11%        N/A       99%         3
 Corpse Rot               Necr/Air       10%        N/A       100%        2
 Static Discharge         Conj/Air       5%         N/A       100%        2
 Call Canine Familiar     Summ           5%         N/A       100%        3
 Portal Projectile        Hex/Tloc       16%        N/A       100%        3
 Tukima's Dance           Hex            5%         N/A       100%        3
 Dispel Undead            Necr           5%         3d7       100%        4
 Leda's Liquefaction      Hex/Erth       2%         N/A       100%        4
 Passage of Golubria      Tloc           11%        N/A       100%        4
 Lightning Bolt           Conj/Air       2%         1d14      100%        5
 Yara's Violent Unravell  Hex/Tmut       5%         3d4       100%        5
 Death Channel            Necr           2%         N/A       100%        6
 Maxwell's Capacitive Co  Air            2%         ∞         100%        8


Dungeon Overview and Level Annotations

Branches:
Dungeon (4/15)
 Temple: D:4-7

Altars:
Cheibriados
Elyvilon

Annotations:
D:2 1 runed translucent door, Crazy Yiuf


Innate Abilities, Weirdness & Mutations

You have very sharp teeth.
Your uncanny sense of smell can sniff out nearby items.
Your experience applies equally to all skills.


Message History

You now have 67 gold pieces (gained 9).
Found a fuming clear potion.
A black bear comes into view.
You closely miss the black bear. You bite the black bear.
The black bear is lightly wounded.
The black bear bites you.
The black bear claws you but does no damage. x2
You hit the black bear.
The black bear is moderately wounded.
The black bear bites you but does no damage.
The black bear claws you but does no damage. x2
The black bear bites you.
The black bear claws you but does no damage. x2
You slash the black bear!
You bite the black bear, but do no damage.
The black bear is severely wounded.
The black bear bites you.
The black bear claws you but does no damage.
The black bear claws you.
You hit the black bear.
The black bear is severely wounded.
The black bear goes berserk!
The black bear bites you.
The black bear claws you but does no damage. x2
You hit the black bear.
The black bear is almost dead.
The black bear bites you!
The black bear claws you but does no damage.
The black bear claws you.
* * * LOW HITPOINT WARNING * * *
The black bear barely misses you. The black bear completely misses you.
The black bear closely misses you.
You barely miss the black bear. You bite the black bear.
The black bear is almost dead.
The black bear bites you!
* * * LOW HITPOINT WARNING * * *
The black bear claws you but does no damage.
The black bear claws you.
* * * LOW HITPOINT WARNING * * *
The black bear bites you.
You die...

........+................
.....####............#...
.....+ ....#.............
.....#####+#...........#.
.....# .........####..#
.....# .......#.# ...#
...##. .......#.##.....#
.. .................
##.#.#..@h..#...
...#.#......# ##
.........# .......#####
....... .!....# ......
......


You could see a black bear (berserk).

Vanquished Creatures
  A hound skeleton (D:4)
  3 gnolls
  An adder (D:3)
  A worm (D:2)
  3 dart slugs
  4 orcs (D:3)
  3 ball pythons
  8 bats
  5 endoplasms
  4 giant cockroaches
  6 goblins
  4 hobgoblins
  2 quokkas (D:1)
  4 frilled lizards
  7 kobolds
  3 rats
59 creatures vanquished.

Vanquished Creatures (others)
  2 plants (D:3)
2 creatures vanquished.

Grand Total: 61 creatures vanquished

Notes
Turn   | Place    | Note
-------+----------+-------------------------------------------
     0 | D:1      | issech the Gnoll Wanderer began the quest for the Orb.
     0 | D:1      | issech set off with the following items: a +0 club, a +0
                  | ring mail; and the following spells available to memorise:
                  | Wereblood, Apportation, Sting, Teleport Other, Spider Form
     0 | D:1      | Reached XP level 1. HP: 17/17 MP: 6/6
   232 | D:1      | Reached XP level 2. HP: 23/23 MP: 7/7
  1087 | D:1      | Reached XP level 3. HP: 20/28 MP: 9/9
  1088 | D:1      | Reached skill level 5 in Spellcasting
  2236 | D:2      | Found a snail-covered altar of Cheibriados.
  2441 | D:2      | Found a runed translucent door.
  2442 | D:2      | Noticed Crazy Yiuf
  2791 | D:3      | Reached skill level 1 in Short Blades
  2791 | D:3      | Reached skill level 1 in Long Blades
  2791 | D:3      | Reached skill level 1 in Axes
  2791 | D:3      | Reached skill level 1 in Maces & Flails
  2791 | D:3      | Reached skill level 1 in Polearms
  2791 | D:3      | Reached skill level 1 in Staves
  2791 | D:3      | Reached skill level 1 in Slings
  2791 | D:3      | Reached skill level 1 in Bows
  2791 | D:3      | Reached skill level 1 in Crossbows
  2791 | D:3      | Reached skill level 1 in Throwing
  2791 | D:3      | Reached skill level 1 in Dodging
  2791 | D:3      | Reached skill level 1 in Stealth
  2791 | D:3      | Reached skill level 1 in Shields
  2791 | D:3      | Reached skill level 1 in Unarmed Combat
  2791 | D:3      | Reached skill level 1 in Evocations
  2956 | D:3      | Found a faded altar of an unknown god.
  3005 | D:3      | Reached XP level 4. HP: 33/34 MP: 11/11
  3887 | D:3      | Reached skill level 1 in Conjurations
  3887 | D:3      | Reached skill level 1 in Hexes
  3887 | D:3      | Reached skill level 1 in Summonings
  3887 | D:3      | Reached skill level 1 in Necromancy
  3887 | D:3      | Reached skill level 1 in Fire Magic
  3887 | D:3      | Reached skill level 1 in Ice Magic
  3887 | D:3      | Reached skill level 1 in Air Magic
  3887 | D:3      | Reached skill level 1 in Earth Magic
  3887 | D:3      | Reached skill level 1 in Poison Magic
  4053 | D:3      | Noticed a gnoll sergeant
  4351 | D:4      | Reached XP level 5. HP: 5/40 MP: 12/12
  4375 | D:4      | Found a white marble altar of Elyvilon.
  4747 | D:4      | Noticed a black bear
  4754 | D:4      | HP: 2/40 [black bear (3)]
  4754 | D:4      | Slain by a black bear

Illustrated notes

Levels and vault maps discovered:
D:1:      mushboom_english_gardens, layout_loops_cross, serial_bayou_pond_e,
          minmay_heptomino_o4
D:2:      layout_basic, basic_altar, hangedman_decor_growths,
          uniq_crazy_yiuf_cottage
D:3:      layout_basic, shapermc_ecumenical_altar_petra
D:4:      layout_basic, elyvilon_altar_5, minmay_stone_trees_medium, hex_tiny,
          dk_vineyard_3

Skill      XL: |  1  2  3  4 |
---------------+-------------+-----
Spellcasting   | 5 |  5.1
Short Blades   | 1 |  1.3
Long Blades    | 1 |  1.3
Axes           | 1 |  1.3
Maces & Flails | 1 |  1.3
Polearms       | 1 |  1.3
Staves         | 1 |  1.3
Slings         | 1 |  1.3
Bows           | 1 |  1.3
Crossbows      | 1 |  1.3
Throwing       | 1 |  1.3
Dodging        | 1 |  1.3
Stealth        | 1 |  1.3
Shields        | 1 |  1.3
Unarmed Combat | 1 |  1.3
Evocations     | 1 |  1.3
Conjurations   | 1 |  1.1
Hexes          | 1 |  1.1
Summonings     | 1 |  1.1
Necromancy     | 1 |  1.1
Fire Magic     | 1 |  1.1
Ice Magic      | 1 |  1.1
Air Magic      | 1 |  1.1
Earth Magic    | 1 |  1.1
Poison Magic   | 1 |  1.1
Invocations    | 3 |  3.0
Fighting       | |  2.9
Armour         | |  2.9
Translocations | |  3.9
Transmutations | |  5.5

Action                   |  1- 3 |  4- 6 || total
-------------------------+-------+-------++-------
Melee: Club              |    97 |       ||    97
       Bite              |    20 |    13 ||    33
       War axe           |    68 |    76 ||   144
       Punch             |       |     1 ||     1
Throw: Stone             |    15 |     9 ||    24
       Dart              |     6 |       ||     6
  Use: Scroll            |       |     1 ||     1
Armor: Ring mail         |    58 |       ||    58
       Chain mail        |    91 |    89 ||   180
Dodge: Dodged            |    80 |    44 ||   124
